details: 'pistol pete rules'

« prev index next »

General information

Mini Map

Players

team 1
Random» OrcProtoGod (orange | 36 APM | 963 actions | 26:46)
Hero icon 6 Blademaster
Ability icon 2 Wind Walk
Ability icon 1 Critical Strike
Ability icon 2 Mirror Image
Ability icon 1 Bladestorm
Hero icon 3 Tauren Chieftain
Ability icon 2 Endurance Aura
Ability icon 1 War Stomp

» actions
Build / train64
Enter build submenu23
Enter hero's abilities submenu9
Give item / drop item6
Remove unit from queue4
Right click473
Select / deselect316
Use ability67
963 total
» units
Peon7
Grunt2
Troll Headhunter/Berserker5
Wind Rider8
Troll Batrider2
Peasant4
Siege Engine1
Rifleman3
Raider2
34 total
» upgrades
Ranged Weapons2
Armor1
Envenomed Spears1
Lumber Harvesting1
5 total
» buildings
Orc Burrow12
Altar of Storms1
Barracks1
War Mill1
Voodoo Lounge1
Stronghold1
Beastiary2
Fortress1
Watch Tower1
Farm3
24 total
» build order
00:13 Orc Burrow
00:26 Altar of Storms
00:50 Barracks
01:16 Orc Burrow
02:21 War Mill
03:19 Voodoo Lounge
04:26 Stronghold
04:36 Orc Burrow
05:12 Orc Burrow
06:49 Beastiary
06:57 Beastiary
07:56 Fortress
08:48 Orc Burrow
09:53 Orc Burrow
16:07 Orc Burrow
18:09 Orc Burrow
18:11 Orc Burrow
18:13 Orc Burrow
18:57 Orc Burrow
19:19 Orc Burrow
19:23 Watch Tower
21:17 Farm
22:01 Farm
22:06 Farm
» items
Scroll of Town Portal1
Potion of Mana3
Potion of Healing1
Healing Salve1
Potion of Lesser Invulnerability1
Scroll of Protection1
8 total
NightElfTerry (yellow | 53 APM | 1399 actions | 26:32)
Hero icon 5 Demon Hunter
Ability icon 3 Immolation
Ability icon 1 Mana Burn
Ability icon 1 Evasion

» actions
Assign group hotkey9
Basic commands38
Build / train86
ESC pressed1
Enter build submenu26
Enter hero's abilities submenu5
Remove unit from queue4
Right click730
Select / deselect428
Select group hotkey19
Use ability53
1399 total
» units
Wisp27
Archer4
Huntress2
Hippogryph13
Chimaera2
Peasant2
Dryad4
Druid of the Claw3
57 total
» upgrades
Strength of the Moon1
Moon Armor1
Sentinel1
Strength of the Wild3
Reinforced Hides2
Hippogryph Taming1
Improved Bows1
Corrosive Breath1
Abolish Magic1
Druid of the Claw Training2
Mark of the Claw1
15 total
» buildings
Moon Well7
Altar of Elders1
Ancient of War1
Tree of Ages1
Hunter's Hall1
Ancient Protector1
Tree of Life3
Tree of Eternity1
Ancient of Wind2
Chimaera Roost4
Ancient of Wonders1
Ancient of Lore3
Workshop1
Farm3
30 total
» build order
00:22 Moon Well
00:36 Altar of Elders
00:57 Ancient of War
01:39 Moon Well
02:30 Moon Well
03:12 Tree of Ages
03:35 Hunter's Hall
04:49 Ancient Protector
05:29 Tree of Life
06:15 Tree of Eternity
06:33 Moon Well
06:39 Ancient of Wind
08:13 Ancient of Wind
10:00 Chimaera Roost
10:01 Chimaera Roost
10:06 Chimaera Roost
10:07 Chimaera Roost
11:18 Moon Well
11:41 Moon Well
13:15 Ancient of Wonders
15:25 Ancient of Lore
15:31 Ancient of Lore
17:55 Moon Well
18:26 Workshop
18:38 Farm
18:38 Farm
18:39 Farm
18:58 Tree of Life
22:13 Ancient of Lore
25:48 Tree of Life
» items
Scroll of Town Portal2
2 total
Humanrush_bane (green | 114 APM | 3302 actions | 28:58)
Hero icon 5 Mountain King
Ability icon 3 Storm Bolt
Ability icon 2 Bash
Hero icon 6 Paladin
Ability icon 1 Holy Light
Ability icon 3 Devotion Aura
Ability icon 1 Divine Shield
Ability icon 1 Resurrection
Hero icon 1 Blademaster
Ability icon 1 Critical Strike

» actions
Assign group hotkey36
Basic commands3
Build / train97
ESC pressed3
Enter build submenu39
Enter hero's abilities submenu12
Give item / drop item2
Right click1290
Select / deselect372
Select group hotkey1351
Use ability97
3302 total
» units
Peasant8
Footman15
Goblin Shredder1
Gryphon Rider10
Siege Engine14
Blue Drake2
Dragonhawk Rider5
55 total
» upgrades
Masonry3
Defend1
Swords3
Animal War Training1
Barrage1
Gunpowder3
Plating1
Armor3
Storm Hammers1
Cloud1
18 total
» buildings
Farm15
Altar of Kings1
Barracks2
Scout Tower4
Lumber Mill2
Arcane Tower1
Arcane Vault2
Blacksmith2
Keep2
Gryphon Aviary3
Castle2
Workshop2
Guard Tower1
Town Hall2
41 total
» build order
00:13 Farm
00:41 Altar of Kings
01:01 Barracks
01:06 Barracks
01:12 Farm
01:28 Farm
02:02 Scout Tower
02:22 Lumber Mill
02:34 Arcane Tower
02:44 Arcane Vault
02:53 Farm
03:08 Blacksmith
04:21 Keep
04:26 Lumber Mill
05:05 Keep
05:19 Farm
05:27 Blacksmith
06:21 Farm
06:25 Arcane Vault
07:12 Farm
07:18 Gryphon Aviary
07:22 Castle
08:39 Castle
09:12 Farm
09:15 Workshop
09:37 Gryphon Aviary
09:48 Workshop
11:16 Gryphon Aviary
11:21 Farm
11:32 Farm
12:02 Scout Tower
12:46 Guard Tower
12:51 Scout Tower
15:31 Farm
16:23 Farm
17:34 Farm
18:16 Farm
19:00 Town Hall
19:31 Farm
23:45 Scout Tower
25:29 Town Hall
» items
Lesser Clarity Potion1
Orb of Lightning1
Scroll of Town Portal1
3 total
Random» HumanMrPotatoSalad (pink | 20 APM | 14 actions | 00:41)

» actions
Build / train4
Enter build submenu2
Right click2
Select / deselect4
Use ability2
14 total
» units
Peasant4
4 total
» buildings
Altar of Kings1
Farm1
2 total
» build order
00:06 Altar of Kings
00:08 Farm
team 2
UndeadFeelTheHaken! (purple | 162 APM | 4696 actions | 28:59)
Hero icon 7 Death Knight
Ability icon 3 Death Coil
Ability icon 3 Unholy Aura
Ability icon 1 Death Pact
Hero icon 6 Lich
Ability icon 3 Frost Nova
Ability icon 2 Frost Armor
Ability icon 1 Death and Decay
Hero icon 6 Dark Ranger
Ability icon 2 Silence
Ability icon 3 Black Arrow
Ability icon 1 Charm

» actions
Assign group hotkey97
Basic commands488
Build / train135
ESC pressed1
Enter build submenu32
Enter hero's abilities submenu19
Give item / drop item15
Right click1567
Select / deselect688
Select group hotkey1516
Use ability138
4696 total
» units
Acolyte7
Ghoul4
Crypt Fiend18
Frost Wyrm12
Goblin Zeppelin1
42 total
» upgrades
Creature Carapace3
Creature Attack3
Web1
Freezing Breath1
8 total
» buildings
Crypt2
Graveyard1
Altar of Darkness1
Ziggurat10
Tomb of Relics1
Halls of the Dead3
Nerubian Tower1
Spirit Tower7
Necropolis3
Black Citadel3
Sacrificial Pit1
Boneyard2
35 total
» build order
00:04 Crypt
00:14 Graveyard
00:43 Altar of Darkness
00:57 Ziggurat
01:30 Tomb of Relics
02:06 Ziggurat
04:45 Ziggurat
04:59 Ziggurat
05:08 Halls of the Dead
05:08 Halls of the Dead
05:14 Crypt
05:32 Ziggurat
05:52 Nerubian Tower
05:53 Spirit Tower
05:59 Ziggurat
06:02 Spirit Tower
06:02 Spirit Tower
06:49 Necropolis
06:51 Necropolis
06:53 Spirit Tower
08:22 Black Citadel
08:23 Black Citadel
08:26 Sacrificial Pit
13:19 Boneyard
13:33 Boneyard
16:29 Ziggurat
16:30 Ziggurat
21:55 Spirit Tower
26:20 Ziggurat
26:21 Ziggurat
26:25 Spirit Tower
28:51 Necropolis
» items
Dust of Appearance1
Rod of Necromancy4
Sacrificial Skull2
Potion of Healing1
Potion of Mana1
Potion of Lesser Invulnerability3
Staff of Teleportation1
Scroll of Healing3
Scroll of Protection2
Orb of Corruption1
Scroll of Town Portal4
Circlet of Nobility2
25 total
HumanPistolPete (red | 22 APM | 641 actions | 29:00)

» actions
Assign group hotkey11
Basic commands20
Build / train35
Enter build submenu24
Remove unit from queue4
Right click286
Select / deselect189
Select group hotkey40
Use ability32
641 total
» units
Peasant6
Goblin Shredder1
Goblin Zeppelin4
Blue Dragon2
Goblin Sapper2
15 total
» upgrades
Masonry2
Lumber Harvesting1
Magic Sentry1
4 total
» buildings
Scout Tower15
Arcane Tower10
Keep1
Lumber Mill1
Arcane Sanctum1
Farm5
Town Hall1
Guard Tower1
35 total
» build order
01:10 Scout Tower
01:13 Scout Tower
01:17 Scout Tower
01:37 Arcane Tower
01:45 Arcane Tower
01:50 Arcane Tower
05:15 Keep
05:27 Lumber Mill
07:06 Scout Tower
07:14 Scout Tower
07:19 Scout Tower
07:22 Scout Tower
07:40 Scout Tower
07:43 Scout Tower
07:49 Scout Tower
08:18 Arcane Tower
08:22 Arcane Tower
08:36 Arcane Tower
09:06 Arcane Tower
09:41 Arcane Tower
09:58 Arcane Tower
10:11 Scout Tower
10:37 Arcane Sanctum
11:15 Farm
12:14 Arcane Tower
13:48 Farm
13:51 Farm
23:20 Farm
23:22 Farm
25:48 Town Hall
25:52 Scout Tower
25:52 Scout Tower
25:53 Scout Tower
25:53 Scout Tower
26:53 Guard Tower
NightElfMila-Kuntis (teal | 47 APM | 1359 actions | 28:59)
Hero icon 7 Demon Hunter
Ability icon 3 Mana Burn
Ability icon 3 Evasion
Ability icon 1 Metamorphosis
Hero icon 6 Pandaren Brewmaster
Ability icon 2 Breath of Fire
Ability icon 3 Drunken Brawler
Ability icon 1 Storm Earth and Fire

» actions
Assign group hotkey25
Basic commands61
Build / train106
Enter build submenu34
Enter hero's abilities submenu14
Give item / drop item3
Right click463
Select / deselect376
Select group hotkey206
Use ability71
1359 total
» units
Wisp30
Archer5
Druid of the Talon11
Dryad9
Chimaera5
Hippogryph6
66 total
» upgrades
Improved Bows1
Strength of the Wild3
Druid of the Talon Training2
Reinforced Hides3
Well Spring1
Abolish Magic1
Nature's Blessing1
Druid of the Claw Training2
Corrosive Breath1
Mark of the Claw1
Ultravision1
17 total
» buildings
Altar of Elders1
Moon Well8
Ancient of War1
Tree of Ages1
Hunter's Hall1
Ancient of Wonders1
Tree of Life2
Ancient Protector7
Ancient of Wind2
Tree of Eternity1
Ancient of Lore2
Chimaera Roost3
30 total
» build order
00:06 Altar of Elders
00:18 Moon Well
00:50 Ancient of War
01:26 Moon Well
02:20 Moon Well
03:53 Tree of Ages
04:17 Hunter's Hall
04:39 Ancient of Wonders
05:27 Moon Well
05:32 Tree of Life
05:34 Ancient Protector
05:52 Ancient Protector
06:31 Ancient of Wind
07:38 Tree of Eternity
08:07 Ancient of Lore
09:41 Moon Well
09:46 Moon Well
10:15 Chimaera Roost
10:17 Chimaera Roost
10:18 Chimaera Roost
10:48 Ancient of Wind
10:53 Moon Well
12:49 Ancient Protector
14:17 Moon Well
21:06 Ancient of Lore
22:54 Ancient Protector
22:55 Ancient Protector
22:57 Ancient Protector
22:59 Ancient Protector
23:55 Tree of Life
» items
Periapt of Vitality1
Circlet of Nobility1
Scroll of Town Portal1
Orb of Venom2
Potion of Mana1
6 total
Random» Orcsearinghoof (blue | 33 APM | 966 actions | 28:59)
Hero icon 5 Far Seer
Ability icon 3 Feral Spirit
Ability icon 2 Chain Lighting

» actions
Assign group hotkey5
Build / train98
Enter build submenu19
Enter hero's abilities submenu5
Give item / drop item3
Right click258
Select / deselect359
Select group hotkey154
Use ability65
966 total
» units
Peon20
Grunt7
Troll Headhunter/Berserker19
Shaman10
Troll Witch Doctor5
Tauren9
70 total
» upgrades
Pillage1
Armor2
Melee Weapons2
Ranged Weapons1
Berserker Strength1
Troll Regeneration1
Shaman Training2
Witch Doctor Training2
Berserker Upgrade1
Pulverize1
14 total
» buildings
Orc Burrow8
Altar of Storms1
Barracks1
War Mill1
Stronghold1
Voodoo Lounge1
Spirit Lodge2
Fortress1
Tauren Totem2
Great Hall2
20 total
» build order
00:13 Orc Burrow
00:28 Altar of Storms
00:41 Barracks
01:37 Orc Burrow
01:58 Orc Burrow
02:28 Orc Burrow
03:35 War Mill
04:59 Stronghold
05:14 Voodoo Lounge
06:21 Orc Burrow
07:29 Spirit Lodge
07:31 Fortress
08:10 Spirit Lodge
10:23 Tauren Totem
10:46 Tauren Totem
11:13 Orc Burrow
12:30 Orc Burrow
12:46 Orc Burrow
12:59 Great Hall
21:17 Great Hall
» items
Healing Salve2
Scroll of Speed1
Scroll of Town Portal3
6 total

Chat log

(00:09 / Allies) Mila-Kuntis: yo plan
(00:11 / All) Mila-Kuntis: hey
(00:15 / All) PistolPete: PotatoSalad
(00:25 / All) PistolPete: did you guys bitch at orange that game when he attacked my towered base?
(00:29 / Allies) FeelTheHaken!: i take fe
(00:30 / All) MrPotatoSalad: wachu want
(00:34 / Allies) FeelTheHaken!: fiends wyrms
(00:36 / All) MrPotatoSalad: nah he left
(00:37 / All) PistolPete: insatead of tping to help you guys in that battle?
(00:41 / All) Mila-Kuntis: why
(00:41 / All) PistolPete: wasn't even feeding
(00:43 / All) PistolPete: lawl
(00:59 / Allies) PistolPete: who wants recs
(01:11 / Allies) Mila-Kuntis: wut
(01:51 / Allies) Mila-Kuntis: tey rushin eh
(01:55 / Allies) FeelTheHaken!: u take it red?
(01:55 / Allies) Mila-Kuntis: they strong
(02:51 / Allies) Mila-Kuntis: woash im braindead
(02:53 / Allies) Mila-Kuntis: havea cold
(03:11 / Allies) Mila-Kuntis: wuts red doing

(04:50 / Allies) searinghoof: nice
(04:52 / Allies) searinghoof: lol

(07:46 / Allies) Mila-Kuntis: mids
(07:46 / Allies) Mila-Kuntis: ?

(10:02 / Allies) Mila-Kuntis: are they TK?
(10:21 / Allies) FeelTheHaken!: nope
(10:32 / Allies) FeelTheHaken!: gryphons wyvern

(11:35 / Allies) Mila-Kuntis: wood plz

(12:49 / Allies) FeelTheHaken!: gogo
(13:44 / Allies) FeelTheHaken!: burrows
(13:55 / Allies) Mila-Kuntis: get em
(14:28 / Allies) Mila-Kuntis: sorry i wasnt there
(14:31 / Allies) Mila-Kuntis: i threw it

(15:38 / Allies) Mila-Kuntis: pete rules

(17:16 / All) Mila-Kuntis: lol
(17:18 / All) Mila-Kuntis: fudge
(17:19 / Allies) FeelTheHaken!: bbb
(17:45 / All) ProtoGod: like how purple ;eaves him teamates to die
(17:49 / All) ProtoGod: to kill 10 peons
(18:02 / All) PistolPete: how'd he leave his teammate to die?
(18:02 / Allies) searinghoof: lol
(18:04 / All) ProtoGod: thanks for the feed
(18:43 / Allies) PistolPete: expo
(19:04 / Allies) Mila-Kuntis: u shuld make castle
(19:04 / Allies) FeelTheHaken!: all meet plz
(19:06 / Allies) Mila-Kuntis: pete castle
(19:11 / Allies) FeelTheHaken!: come teal

(21:17 / Allies) FeelTheHaken!: gogo
(21:45 / Allies) searinghoof: wait for hero
(22:10 / Allies) PistolPete: thought you could drop what you ate for some reason
(22:39 / Allies) FeelTheHaken!: i send wyrms

(24:25 / Allies) Mila-Kuntis: 1
(24:44 / All) Mila-Kuntis: pistol pete rules
(24:53 / Allies) FeelTheHaken!: ..
(25:06 / Allies) FeelTheHaken!: blue lol
(25:11 / Allies) searinghoof: lol
(25:18 / All) ProtoGod: :)
(25:41 / All) searinghoof: nice lol
(26:13 / All) PistolPete: that's a lil bitch dragon
(26:17 / All) PistolPete: you need a real dragon to step to this
(26:20 / All) ProtoGod: gg yall
(26:23 / All) Mila-Kuntis: was fun
(26:27 / All) ProtoGod: indeed
(26:37 / All) Mila-Kuntis: pete has unique strategy
(26:39 / All) Mila-Kuntis: dragon strat
(26:41 / All) searinghoof: gg well done
(26:54 / Allies) Mila-Kuntis: pete
(26:59 / Allies) Mila-Kuntis: do you always do this>
(27:07 / Allies) PistolPete: I like to change it up
(27:18 / Allies) Mila-Kuntis: any other cool ones
(27:27 / Allies) PistolPete: lots
(27:37 / Allies) Mila-Kuntis: always 4vas4?
(27:43 / Allies) PistolPete: sometimes solo
(27:49 / Allies) PistolPete: like mass moonwell and warden only
(28:05 / Allies) Mila-Kuntis: i try to brainstorm some